Match 45721491
Unlisted

Match 45721491
End
Kradschützen Motorcycle Team
Panzerpioneer Squad
Selects Armored Support Battlegroup
250 Light Carrier
Construct Light Support Kompanie
Combat Half-tracks
Selects Superior Fire Drills
Assault Grenadier Squad
Fire Support Elements
Flakvierling Half-track
Panzerjäger Mechanized Group
MG34 Team
MG34 Team
Selects Salvage Kits
Construct Panzerarmee Kommand
Assault Mechanized Group
Walking Stuka Rocket Launcher
Emergency Repair Kits
Panzer III L Medium Tank
Selects Panzer Storm
Panzer III L Medium Tank
Vehicle Survival Package
Selects Stuka Anti-tank Loiter
Rapid Advance
Stuka Anti-tank Loiter
Panzer III L Medium Tank
Panzer III L Medium Tank
Flak 36 Anti-tank Gun Team
Ghost
aSIIDemolitionHammer
*Mule
CAuMOH
0
0

Comments sign in to comment!

No comments posted yet!